 Dungeon Crawl Stone Soup version 0.29-a0-542-g075992c915 (webtiles) character file.

Game seed: 16337263017464464064

35 dolemite99 the Cudgeller (level 3, -3/43 HPs)
             Began as a Demonspawn Berserker on June 4, 2022.
             Was a Follower of Trog.
             Slain by an iguana (7 damage)
             ... on level 2 of the Dungeon.
             The game lasted 00:01:13 (1921 turns).

dolemite99 the Cudgeller (Demonspawn Berserker)     Turns: 1921, Time: 00:01:13

Health: -3/43      AC:  2    Str: 19    XL:     3   Next: 16%
Magic:  3/3        EV: 12    Int:  8    God:    Trog [*.....]
Gold:   8          SH:  0    Dex: 12    Spells: 2/2 levels left

rFire   . . .      SeeInvis .   a - +0 mace
rCold   . . .      Faith    .   (no shield)
rNeg    . . .      Spirit   .   b - +0 animal skin
rPois   .          Reflect  .   (helmet restricted)
rElec   .          Harm     .   (no cloak)
rCorr   .          Rampage  .   (no gloves)
Will    .....                   (no boots)
Stlth   ..........              (no amulet)
HPRegen 0.14/turn               (no ring)
MPRegen 0.08/turn               (no ring)

@: berserking, very quick
A: horns 1, demonic guardian 1
a: Renounce Religion, Berserk


You were on level 2 of the Dungeon.
You worshipped Trog.
Trog was aware of your devotion.
You visited 1 branch of the dungeon, and saw 2 of its levels.

You collected 8 gold pieces.

Inventory:

Hand Weapons
 a - a +0 mace (weapon)
Armour
 b - a +0 animal skin (worn)
 h - an orb of wrath
Magical Staves
 c - a staff of death
Scrolls
 g - a scroll of identify {unknown}
 i - 2 scrolls of teleportation {unknown}
Potions
 d - 2 potions of curing {unknown}
 f - 2 potions of flight {unknown}
 j - a potion of heal wounds {unknown}


   Skills:
 - Level 3.0 Fighting
 + Level 3.9 Maces & Flails
 - Level 1.7 Armour
 - Level 1.7 Dodging


You had 2 spell levels left.
You didn't know any spells.
Your spell library was empty.

Dungeon Overview and Level Annotations

Branches:
Dungeon (2/15)

Altars:


Innate Abilities, Weirdness & Mutations

You have a pair of small horns on your head.
A weak demonic guardian rushes to your aid.


Message History

The poisoned dart barely misses the frilled lizard.
Found a stone staircase leading up.
The frilled lizard barely misses you.
You hit the frilled lizard.
You kill the frilled lizard!
Trog accepts your kill.
No target in view!
You see here a frilled lizard corpse.
No target in view!
No target in view!
e - 2 poisoned darts
i - 2 scrolls labelled CESANU NILE (gained 1)
An iguana comes into view.
You throw a poisoned dart. The poisoned dart hits the iguana.
An iguana is nearby!
You throw a poisoned dart. The poisoned dart hits the iguana.
An iguana is nearby!
You barely miss the iguana. The iguana closely misses you.
You closely miss the iguana. The iguana bites you.
You hit the iguana. You headbutt the iguana.
The iguana is moderately wounded.
The iguana closely misses you.
You hit the iguana but do no damage. Your headbutt misses the iguana.
The iguana is moderately wounded.
The iguana bites you. The iguana closely misses you.
You hit the iguana but do no damage.
The iguana is moderately wounded.
The iguana bites you!
You barely miss the iguana.
The iguana is moderately wounded.
The iguana bites you!
* * * LOW HITPOINT WARNING * * *
A demonic guardian appears!
You hit the iguana.
The iguana is moderately wounded.
The iguana closely misses you.
Your shadow imp closely misses the iguana.
Unknown command.
A red film seems to cover your vision as you go berserk!
You feel yourself moving faster!
You feel mighty! The iguana bites you!
You die...

.##.#..#.###...#
.##......# ....
.........###.#... #
#)..............# ..
#####..#....###.#. (#
...##..#..#.# ... (.
.#.##..#†...###.# .#
.#.##..#.#......##5##...
...###.#.#.#.#..@l.....#
.#.# #...#.#.....#.#....
<..# ##..#.##[.#.# # #
.### #.....##....###. ##
#..<............ #
#...#.##.###.#.# #
#.#.####.# ...# ...#..
#.# ##.# ###.#.. #.# ...


You could see an iguana (ally target) and a friendly shadow imp (summoned).

Vanquished Creatures
  3 dart slugs (D:1)
  3 ball pythons (D:1)
  3 bats (D:1)
  An endoplasm (D:1)
  A giant cockroach (D:1)
  2 goblins (D:1)
  5 hobgoblins (D:1)
  A quokka (D:1)
  4 frilled lizards
  A kobold (D:1)
  3 rats (D:1)
27 creatures vanquished.

Notes
Turn   | Place    | Note
-------+----------+-------------------------------------------
     0 | D:1      | dolemite99 the Demonspawn Berserker began the quest for the
                  | Orb.
     0 | D:1      | Reached XP level 1. HP: 18/18 MP: 1/1
   384 | D:1      | Gained mutation: A weak demonic guardian rushes to your
                  | aid. [demonic ancestry]
   384 | D:1      | Reached XP level 2. HP: 24/24 MP: 2/2
  1283 | D:1      | Gained mutation: You have a pair of small horns on your
                  | head. [demonic ancestry]
  1283 | D:1      | Reached XP level 3. HP: 19/29 MP: 3/3
  1454 | D:1      | Found a faded altar of an unknown god.
  1921 | D:2      | Slain by an iguana

Illustrated notes

Levels and vault maps discovered:
D:1:      nicolae_arrival_somewhat_less_tricky_arrival, layout_basic,
          chequers_ecumenical_altar_twisty, hangedman_decor_opposing,
          st_stairs_11
D:2:      layout_basic, minmay_fractal_squares_5

Skill      XL: |  1 |
---------------+----+-----
Maces & Flails | 3 |  3.9
Fighting       | |  3.0
Armour         | |  1.7
Dodging        | |  1.7

Action                   || total
-------------------------++-------
Melee: Mace              ||    73
       Headbutt          ||     1
Throw: Dart              ||    21
Invok: Berserk           ||     1
Armor: Animal skin       ||    19
Dodge: Dodged            ||    61

Table legend: (Time is in decaauts)
 A = Elapsed time spent in this place.
 B = Non-inter-level travel time spent in this place.
 C = Inter-level travel time spent in this place.
 D = Time resting spent in this place.
 E = Time spent auto-exploring this place.
 F = Levels seen in this place.
 G = Mean time per level.
                   A        B        C        D        E       F      G
               +--------+--------+--------+--------+--------+-----+--------+
         Total |   1937 |   1861 |     76 |    449 |   1118 |   2 |  968.5 |
       Dungeon |   1937 |   1861 |     76 |    449 |   1118 |   2 |  968.5 |
               +--------+--------+--------+--------+--------+-----+--------+

Top non-repeatable levels by time:
     D:1: 1845 daAuts
     D:2: 92 daAuts
